 Dungeon Crawl Stone Soup version 0.31-a0-229-g1fc7ce93e2 (webtiles) character file.

Game seed: 16251016964418095199

818 qw the Shooter (level 7, -7/44 HPs)
             Began as a Gargoyle Hexslinger on July 6, 2023.
             Blown up by an orc (17 damage)
             ... with a mindburst bolt
             ... on level 5 of the Dungeon.
             The game lasted 00:01:17 (3353 turns).

qw the Shooter (Gargoyle Hexslinger)                Turns: 3353, Time: 00:01:18

Health: -7/44      AC: 15    Str: 10 (11) XL:     7   Next: 94%
Magic:  8/8        EV: 10    Int: 14      God:
Gold:   224        SH:  0    Dex: 13 (14) Spells: 7/8 levels left

rFire   + . .        Y - +3 sling (flame)
rCold   . . .        (no shield)
rNeg    + . .        c - +4 ring mail
rPois   inf          (no helmet)
rElec   +            f - +0 cloak
rCorr   .            (no gloves)
SInv    +            (no boots)
Will    .....        h - amulet of the acrobat
Stlth   +            g - ring of see invisible
HPRegen 0.27/turn    i - ring of protection from fire
MPRegen 0.11/turn

%: acrobat
@: no status effects
A: sickness immunity, AC +4, negative energy resistance 1, electricity
resistance, torment resistance 1, petrification resistance
a: no special abilities


You were on level 5 of the Dungeon.
You visited 1 branch of the dungeon, and saw 5 of its levels.

You collected 224 gold pieces.


Innate Abilities, Weirdness & Mutations

You are immune to sickness and miasma.
Your stone body is resilient. (AC +4)
You are immune to poison.
You resist negative energy. (rN+)
You are resistant to electric shocks. (rElec)
You are resistant to unholy torment.
You are immune to petrification.


   Skills:
 - Level 5.1 Fighting
 + Level 7.2 Ranged Weapons
 - Level 1.6 Armour
 - Level 1.5 Dodging
 - Level 1.0 Spellcasting
 - Level 2.6 Hexes


You had 7 spell levels left.
You knew the following spells:

 Your Spells              Type           Power      Damage    Failure   Level
a - Slow                  Hex            32%        N/A       22%         1

Your spell library contained the following spells:

 Spells                   Type           Power      Damage    Failure   Level
 Inner Flame              Hex/Fire       4%         N/A       75%         3
 Portal Projectile        Hex/Tloc       8%         N/A       75%         3
 Cause Fear               Hex            4%         N/A       91%         4

Inventory:

Hand Weapons
 Y - a +3 sling of flaming (weapon)
Armour
 c - a +4 ring mail (worn)
 f - a +0 cloak (worn)
Jewellery
 g - a ring of see invisible (left hand)
 h - an amulet of the acrobat (around neck)
 i - a ring of protection from fire (right hand)
Scrolls
 a - 2 scrolls of identify
Potions
 b - a potion of curing {unknown}
 k - 2 potions of haste
 l - a potion of invisibility {unknown}

Dungeon Overview and Level Annotations

Branches:
Dungeon (5/15)
 Temple: D:4-7

Altars:


Message History

The grasping roots grab you!
The orc is unaffected. x2; The orc wizard is unaffected.
The grasping roots constrict you.
The orc wizard hits you with a +0 dagger.
The orc wizard hits you but does no damage.
The orc hits you but does no damage. The grasping roots constrict you.
The orc hits you but does no damage.
You shoot a sling bullet.
The sling bullet closely misses the orc wizard.
The orc hits you but does no damage. The grasping roots constrict you.
The orc wizard hits you but does no damage.
The orc hits you but does no damage.
You shoot a sling bullet.
The sling bullet barely misses the orc wizard.
The orc hits you but does no damage. The grasping roots constrict you.
The orc wizard hits you but does no damage.
The orc hits you with a +0 hand axe.
You shoot a sling bullet. The sling bullet hits the orc wizard.
The sling bullet burns the orc wizard.
The orc wizard is severely wounded.
The orc hits you but does no damage. The grasping roots constrict you.
The orc wizard hits you but does no damage.
The orc barely misses you.
The grasping roots release their grip on you.
You shoot a sling bullet.
The sling bullet barely misses the orc wizard.
The orc hits you but does no damage.
The orc zaps a wand.
Your mind is blasted!
The orc wizard gestures at you while chanting.
You resist with some effort.
You shoot a sling bullet.
The sling bullet barely misses the orc wizard.
The orc hits you but does no damage.
The orc wizard hits you but does no damage.
The orc zaps a wand.
Your mind is blasted!
You shoot a sling bullet. The sling bullet hits the orc wizard.
The sling bullet burns the orc wizard.
You kill the orc wizard!
The orc completely misses you. The orc hits you but does no damage.
The orc zaps a wand.
Your mind is blasted!
You die...

########.............#...#
#.............#...#
#.............#...#
#.....#########...#
#.....#......##...#
#.....#......##...###
#.....#.............#
#.....#o............#
#.....@o............#
########.....#)............#
#.......###'###'######...###
#.......#...##......##...#
#.......#...#........#...#
#.......#...#........#...#
#.......#...#........'...#
#.......#...##......##...#
#########...##......##...#


You could see 2 orcs.

Vanquished Creatures
  A hornet (D:5)
  A black bear (D:5)
  A phantom (D:5)
  2 hounds
  An orc priest (D:4)
  A sleepcap (D:5)
  2 iguanas (D:5)
  8 orc wizards
  3 adders
  14 orcs
  8 ball pythons
  7 endoplasms
  2 giant cockroaches
  6 hobgoblins
  2 quokkas (D:1)
  2 bats (D:1)
  4 frilled lizards
  2 goblins
  9 kobolds
  6 rats
82 creatures vanquished.

Notes
Turn   | Place    | Note
-------+----------+-------------------------------------------
     0 | D:1      | qw the Gargoyle Hexslinger began the quest for the Orb.
     0 | D:1      | Reached XP level 1. HP: 12/12 MP: 2/2
     0 | D:1      | 0 ||| qw: Version: 0.3-a-46-gb1f654a
     0 | D:1      | 0 ||| qw: Game counter: 1382
     0 | D:1      | 0 ||| qw: Melee chars always use a shield: true
     0 | D:1      | 0 ||| qw: God list: Okawaru
     0 | D:1      | 0 ||| qw: Allow faded altars: false
     0 | D:1      | 0 ||| qw: Do Orc after clearing Dungeon:15 true
     0 | D:1      | 0 ||| qw: Do second Lair branch before Depths: true
     0 | D:1      | 0 ||| qw: Lair rune preference: random
     0 | D:1      | 0 ||| qw: Goals: Normal
     0 | D:1      | 0 ||| PLANNING D:1-11
     1 | D:1      | Noticed an electric eel
   177 | D:1      | Reached XP level 2. HP: 14/16 MP: 3/3
   371 | D:1      | Reached skill level 3 in Ranged Weapons
   907 | D:1      | 907 ||| UPGRADING to +0 ring mail.
   917 | D:1      | 917 ||| DROPPING +0 robe.
   918 | D:1      | 918 ||| UPGRADING to ring of see invisible.
   919 | D:1      | 919 ||| READING 2 scrolls labelled SYGOON GANEORI.
   924 | D:1      | 924 ||| READING scroll labelled POSIEBR POPP.
   925 | D:1      | 925 ||| READING scroll labelled TETAPIWOCI.
   926 | D:1      | 926 ||| DROPPING scroll of poison.
  1008 | D:2      | Reached XP level 3. HP: 21/21 MP: 4/4
  1421 | D:2      | 1421 ||| UPGRADING to +4 ring mail.
  1431 | D:2      | 1431 ||| DROPPING +0 ring mail.
  1432 | D:2      | 1432 ||| READING scroll labelled MUNADI COF RON.
  1433 | D:2      | 1433 ||| READING scroll labelled MOOGEU SE QURR.
  1434 | D:2      | 1434 ||| READING scroll labelled LEFONO ENWANE.
  1435 | D:2      | 1435 ||| READING scroll labelled CISMAF MOSSEDGH.
  1436 | D:2      | 1436 ||| READING scroll labelled FAUGGA GOTILYRILUKH.
  1437 | D:2      | 1437 ||| DRINKING 2 blue potions.
  1438 | D:2      | 1438 ||| DRINKING 2 fuming inky potions.
  1533 | D:3      | Reached XP level 4. HP: 21/26 MP: 5/5
  1607 | D:3      | Reached skill level 4 in Ranged Weapons
  1701 | D:3      | Reached skill level 1 in Armour
  2106 | D:3      | 2106 ||| READING scroll of enchant weapon.
  2106 | D:3      | 2106 ||| ENCHANTING +2 sling of flaming.
  2423 | D:4      | HP: 5/26 [orc/+0 trident (6)]
  2424 | D:4      | 2424 ||| READING scroll of teleportation.
  2425 | D:4      | 2425 ||| DRINKING 2 potions of heal wounds.
  2453 | D:4      | Reached XP level 5. HP: 26/30 MP: 6/6
  2476 | D:4      | Reached skill level 5 in Ranged Weapons
  2484 | D:4      | Reached XP level 6. HP: 18/36 MP: 7/7
  2640 | D:4      | Reached skill level 3 in Fighting
  2881 | D:4      | 2881 ||| UPGRADING to +0 cloak.
  2886 | D:4      | 2886 ||| UPGRADING to amulet of the acrobat.
  2891 | D:4      | 2891 ||| UPGRADING to ring of protection from fire.
  2892 | D:4      | 2892 ||| DRINKING 2 murky emerald potions.
  2997 | D:4      | 2997 ||| DRINKING 2 coppery potions.
  2998 | D:4      | 2998 ||| DROPPING potion of berserk rage.
  2999 | D:4      | 2999 ||| DROPPING potion of degeneration.
  3006 | D:5      | Entered Level 5 of the Dungeon
  3058 | D:5      | Reached skill level 6 in Ranged Weapons
  3093 | D:5      | Noticed a hornet
  3106 | D:5      | HP: 2/37 [hornet (8)]
  3107 | D:5      | 3107 ||| DRINKING potion of heal wounds.
  3108 | D:5      | Killed a hornet
  3109 | D:5      | Reached XP level 7. HP: 26/44 MP: 8/8
  3119 | D:5      | 3119 ||| FLEEEEING.
  3268 | D:5      | Reached skill level 7 in Ranged Weapons
  3341 | D:5      | 3341 ||| Stepping ~*~*~tactically~*~*~ (outnumbered).
  3342 | D:5      | 3342 ||| Stepping ~*~*~tactically~*~*~ (outnumbered).
  3352 | D:5      | HP: 9/44 [disintegration (12)]
  3353 | D:5      | Blown up by an orc

Levels and vault maps discovered:
D:1:      arrival_aquarium_a, layout_loops_corners, minmay_pentomino_r2
D:2:      layout_basic
D:3:      layout_basic, chequers_decorated_corner
D:4:      layout_basic, serial_glass, glass_columns_c, glass_columns_a
D:5:      layout_gridville

Skill      XL: |  1  2  3  4  5  6  7 |
---------------+----------------------+-----
Ranged Weapons | 3 4 5 6 7 |  7.2
Fighting       | 2 5 |  5.1
Armour         | 1 |  1.6
Dodging        | |  1.5
Spellcasting   | |  1.0
Hexes          | |  2.6

Action                     |  1- 3 |  4- 6 |  7- 9 || total
---------------------------+-------+-------+-------++-------
   Fire: Sling             |   105 |   119 |    49 ||   273
    Use: Scroll            |     8 |     2 |       ||    10
         Potion            |     2 |     4 |       ||     6
 Armour: Robe              |     4 |       |       ||     4
         Ring mail         |    14 |    57 |    38 ||   109
  Dodge: Dodged            |    34 |    44 |    14 ||    92

Table legend:
 A = Non-vault XP
 B = Vault XP
 C = Vault XP percentage of total XP
 D = Non-vault monster count
 E = Vault monster count
 F = Vault count percentage of total count
                 A         B        C        D         E       F
            +---------+---------+-------+---------+---------+-------
      Total |    1201 |       3 |   0.2 |      80 |       2 |   2.4
            +---------+---------+-------+---------+---------+-------
        D:1 |      29 |       3 |   9.4 |      18 |       2 |  10.0
        D:2 |      46 |       0 |   0.0 |      15 |       0 |   0.0
        D:3 |      74 |       0 |   0.0 |      15 |       0 |   0.0
        D:4 |     253 |       0 |   0.0 |      18 |       0 |   0.0
        D:5 |     799 |       0 |   0.0 |      14 |       0 |   0.0
            +---------+---------+-------+---------+---------+-------
